 Dungeon Crawl Stone Soup version 0.23.0-3-gf3c87f2df8 (webtiles) character file.

Game seed: 5181008047919501847

37 Jannitor the Magician (level 3, -1/20 HPs)
             Began as a Deep Elf Transmuter on Feb 23, 2019.
             Slain by a centaur (7 damage)
             ... on level 2 of the Dungeon.
             The game lasted 00:02:38 (1411 turns).

Jannitor the Magician (Deep Elf Transmuter)         Turns: 1411, Time: 00:02:38

Health: -1/20      AC:  2    Str:  6 (8)  XL:     3   Next: 21%
Magic:  0/10       EV: 13    Int: 14 (17) God:
Gold:   84         SH:  0    Dex: 14 (15) Spells: 3/9 levels left

rFire    . . .     SeeInvis .     - Unarmed
rCold    . . .     Gourm    .   (no shield)
rNeg     . . .     Faith    .   b - +0 robe
rPois    .         Spirit   .   (no helmet)
rElec    .         Reflect  .   (no cloak)
rCorr    .         Harm     .   (no gloves)
MR       .....                  (no boots)
Stlth    +.........             (no amulet)
HPRegen  0.06/turn              (no ring)
MPRegen  0.12/turn              (no ring)

@: very slightly contaminated
A: no striking features
a: no special abilities


You were on level 2 of the Dungeon.
You were not hungry.

You visited 1 branch of the dungeon, and saw 2 of its levels.

You collected 84 gold pieces.

Inventory:

Missiles
 a - 27 arrows
Armour
 b - a +0 robe (worn)
Scrolls
 c - 2 scrolls of fear {unknown}
 e - a scroll of teleportation {unknown}
 h - 2 scrolls of remove curse {unknown}
 j - a scroll of identify {unknown}
Potions
 g - a potion of curing {unknown}
 i - a potion of haste {unknown}
Comestibles
 d - 4 rations
 f - 6 chunks of flesh


   Skills:
 + Level 1.2 Fighting
 - Level 2.4 Dodging
 + Level 2.7 Unarmed Combat
 + Level 3.5 Spellcasting
 * Level 3.0 Transmutations


You had 3 spell levels left.
You knew the following spells:

 Your Spells              Type           Power        Failure   Level  Hunger
a - Beastly Appendage     Tmut           ##....       6%          1    #......
b - Sticks to Snakes      Tmut           ##......     9%          2    ##.....
c - Spider Form           Tmut/Pois      #.........   32%         3    ###....

Your spell library contained the following spells:

 Spells                   Type           Power        Failure   Level  Hunger
 Ice Form                 Ice/Tmut       #.......     71%         4    #####..
 Blade Hands              Tmut           ##........   85%         5    ######.


Dungeon Overview and Level Annotations

Branches:
Dungeon (2/15)

Altars:


Message History

You miscast Spider Form.
Strange energies run through your body. The centaur hits you.
The centaur hits you!
Unknown command.
Unknown command.
You hit the centaur but do no damage.
The centaur is lightly wounded.
The centaur barely misses you.
Your ball python bites the centaur.
Unknown command.
You hit the centaur but do no damage.
The centaur is lightly wounded.
The centaur closely misses you.
Your ball python completely misses the centaur.
The centaur hits you.
* * * LOW HITPOINT WARNING * * *
Unknown command.
It was a potion of degeneration.
There was something very wrong with that liquid.
You feel weakened.
You feel dopey.
You feel clumsy.
Your ball python bites the centaur.
The centaur hits you!
You die...

#. #.# #.#
#.# ###.##
....#
#.S#####
#S@c...#
#.###.....
#.# ### #.#
#.# #.#....#
#.#....# #
#.#....# #
..
#.#....#^#.#


You could see a centaur and 2 friendly ball pythons.

Vanquished Creatures
  An ooze (D:1)
  3 dart slugs (D:1)
  A leopard gecko (D:2)
  A giant cockroach (D:1)
  3 goblins (D:1)
  3 hobgoblins
  A ball python (D:1)
  5 bats (D:1)
  2 frilled lizards (D:1)
  2 kobolds (D:1)
  7 rats (D:1)
29 creatures vanquished.

Notes
Turn   | Place    | Note
-------+----------+-------------------------------------------
     0 | D:1      | Jannitor the Deep Elf Transmuter began the quest for the
                  | Orb.
     0 | D:1      | Reached XP level 1. HP: 11/11 MP: 6/6
   431 | D:1      | Reached skill level 1 in Fighting
   433 | D:1      | Reached XP level 2. HP: 14/16 MP: 8/8
   764 | D:1      | Learned a level 2 spell: Sticks to Snakes
  1126 | D:1      | Reached XP level 3. HP: 17/20 MP: 6/9
  1346 | D:1      | Learned a level 3 spell: Spider Form
  1402 | D:2      | Noticed a centaur
  1411 | D:2      | Slain by a centaur

Skill      XL: |  1  2 |
---------------+-------+-----
Fighting       | 1 |  1.2
Transmutations | 3 |  3.0
Dodging        | |  2.4
Unarmed Combat | |  2.7
Spellcasting   | |  3.5

Action                   || total
-------------------------++-------
Melee: Unarmed           ||   118
       Kick              ||     8
       Headbutt          ||     4
       Punch             ||     2
 Cast: Beastly Appendage ||    17
       Sticks to Snakes  ||     3
  Use: Potion            ||     1
 Stab: Sleeping          ||     1
  Eat: Chunk             ||     2
Armor: Robe              ||    26
Dodge: Dodged            ||    85
